[ AOE2 MATCH · #504657406 ]
UnrankedJapanese vs Ethiopians
Player's team · LOSS
Rival team · WIN
[ REPLAY ANALYSIS · EXTRACTED FROM THE RECORDED GAME ]
Feudal
9:18
Castle
23:16
Imperial
—
| APM avg | 83.3 |
| APM peak | 118 |
| eAPM avg | 41.1 |
| Villagers / military | 87 / 72 |
Focus
⚔️ 54.1% · 🌾 45.9%
Cavalry Archer ×27 · Archer ×23 · Skirmisher ×11 · Monk ×3 · Militia ×3 · Spearman ×3
Feudal
8:29
Castle
22:33
Imperial
—
| APM avg | 51.9 |
| APM peak | 78 |
| eAPM avg | 22.9 |
| Villagers / military | 80 / 57 |
Focus
⚔️ 39.9% · 🌾 60.1%
Skirmisher ×28 · Archer ×11 · Scout Cavalry ×11 · Knight ×7
Match map
Initial resources + every placement click. Lines = walls · curves = elevation contours. ◆ gold · ⬟ stone · ● berries · ✦ relic · ◌ wall gap
Your base· Open — 4t gap
Mununez's base· Open — unwalled flank
Smoothed initial terrain · ◌ = detected wall gap · hover for details
Inputs per minute
— Chavah - - Mununez
Build order — Chavah
First 150 of 266 actions detected
| 0:01 | Create | Villager (Male) |
| 0:01 | Create | Villager (Male) |
| 0:01 | Create | Villager (Male) |
| 0:02 | Build | House |
| 0:03 | Build | House |
| 0:07 | Create | Villager (Male) |
| 0:07 | Create | Villager (Male) |
| 1:29 | Create | Villager (Male) |
| 2:01 | Create | Villager (Male) |
| 2:01 | Create | Villager (Male) |
| 2:09 | Build | Lumber Camp |
| 2:24 | Create | Villager (Male) |
| 3:07 | Create | Villager (Male) |
| 3:40 | Create | Villager (Male) |
| 3:45 | Build | House |
| 4:01 | Create | Villager (Male) |
| 4:13 | Create | Villager (Male) |
| 4:36 | Build | Mill |
| 4:51 | Create | Villager (Male) |
| 4:55 | Create | Villager (Male) |
| 5:26 | Create | Villager (Male) |
| 5:55 | Build | House |
| 6:08 | Create | Villager (Male) |
| 6:13 | Research | Loom |
| 6:21 | Build | Barracks |
| 6:41 | Build | Palisade Wall |
| 6:42 | Build | Palisade Wall |
| 6:48 | Build | Mining Camp |
| 7:08 | Research | Feudal Age |
| 7:08 | Research | Feudal Age |
| 7:44 | Create | Militia |
| 7:55 | Create | Militia |
| 8:03 | Create | Villager (Male) |
| 8:13 | Build | Lumber Camp |
| 8:21 | Create | Militia |
| 8:26 | Build | House |
| 8:29 | Create | Villager (Male) |
| 9:03 | Create | Villager (Male) |
| 9:06 | Build | House |
| 9:18 | Age | Feudal Age |
| 9:24 | Research | Man-at-Arms (upgrade) |
| 9:24 | Research | Man-at-Arms (upgrade) |
| 9:28 | Create | Villager (Male) |
| 9:34 | Build | House |
| 9:40 | Build | Archery Range |
| 9:49 | Research | Double-Bit Axe |
| 9:50 | Create | Villager (Male) |
| 9:58 | Build | House |
| 10:23 | Create | Villager (Male) |
| 10:26 | Create | Skirmisher |
| 10:35 | Create | Skirmisher |
| 10:43 | Create | Villager (Male) |
| 10:45 | Build | Farm |
| 10:45 | Build | Farm |
| 10:54 | Create | Skirmisher |
| 11:07 | Build | Farm |
| 11:14 | Create | Villager (Male) |
| 11:18 | Create | Skirmisher |
| 11:33 | Create | Villager (Male) |
| 11:38 | Build | Farm |
| 11:39 | Create | Skirmisher |
| 11:51 | Build | Farm |
| 12:04 | Create | Villager (Male) |
| 12:22 | Build | Farm |
| 12:23 | Create | Villager (Male) |
| 12:24 | Build | Farm |
| 12:26 | Create | Skirmisher |
| 12:32 | Build | Farm |
| 12:34 | Build | Farm |
| 12:36 | Build | Farm |
| 12:51 | Build | House |
| 12:57 | Create | Villager (Male) |
| 13:11 | Create | Skirmisher |
| 13:13 | Create | Villager (Male) |
| 13:19 | Build | Blacksmith |
| 13:23 | Build | House |
| 13:30 | Create | Villager (Male) |
| 13:43 | Create | Villager (Male) |
| 13:46 | Research | Horse Collar |
| 13:56 | Create | Skirmisher |
| 14:02 | Research | Fletching |
| 14:08 | Build | Farm |
| 14:10 | Build | Farm |
| 14:11 | Create | Villager (Male) |
| 14:14 | Create | Skirmisher |
| 14:36 | Create | Villager (Male) |
| 14:40 | Build | Farm |
| 14:43 | Create | Villager (Male) |
| 14:52 | Build | Farm |
| 14:53 | Build | Farm |
| 14:59 | Create | Skirmisher |
| 15:02 | Create | Villager (Male) |
| 15:23 | Create | Spearman |
| 15:41 | Create | Skirmisher |
| 15:47 | Build | House |
| 15:50 | Build | Palisade Wall |
| 15:51 | Build | Palisade Wall |
| 15:54 | Create | Villager (Male) |
| 15:58 | Build | House |
| 16:06 | Create | Spearman |
| 16:16 | Research | Wheelbarrow |
| 16:16 | Research | Wheelbarrow |
| 16:16 | Create | Archer |
| 16:17 | Create | Villager (Male) |
| 16:28 | Create | Spearman |
| 16:32 | Create | Villager (Male) |
| 16:34 | Build | Farm |
| 16:47 | Build | Farm |
| 16:47 | Create | Villager (Male) |
| 16:48 | Create | Villager (Male) |
| 16:56 | Create | Villager (Male) |
| 17:00 | Build | House |
| 17:11 | Build | House |
| 17:14 | Create | Villager (Male) |
| 17:25 | Create | Villager (Male) |
| 17:32 | Create | Villager (Male) |
| 17:41 | Create | Villager (Male) |
| 18:00 | Create | Villager (Male) |
| 18:08 | Build | House |
| 18:11 | Build | House |
| 18:15 | Create | Villager (Male) |
| 18:20 | Research | Padded Archer Armor |
| 18:31 | Create | Archer |
| 18:43 | Create | Villager (Male) |
| 18:48 | Build | Archery Range |
| 18:50 | Create | Villager (Male) |
| 18:53 | Build | Mining Camp |
| 19:03 | Create | Archer |
| 19:10 | Create | Villager (Male) |
| 19:23 | Build | Farm |
| 19:36 | Create | Archer |
| 19:51 | Create | Archer |
| 20:09 | Create | Villager (Male) |
| 20:36 | Research | Castle Age |
| 20:49 | Create | Archer |
| 21:11 | Create | Archer |
| 21:13 | Create | Archer |
| 21:18 | Build | Farm |
| 21:26 | Create | Archer |
| 21:36 | Create | Archer |
| 21:44 | Build | Archery Range |
| 21:53 | Create | Villager (Male) |
| 21:53 | Create | Villager (Male) |
| 21:54 | Create | Villager (Male) |
| 22:01 | Research | Gold Mining |
| 22:01 | Research | Gold Mining |
| 22:22 | Create | Archer |
| 22:26 | Build | Watch Tower |
| 22:28 | Create | Archer |
| 22:28 | Create | Archer |
Build order — Mununez
First 150 of 254 actions detected
| 0:00 | Create | Villager (Male) |
| 0:01 | Create | Villager (Male) |
| 0:02 | Build | House |
| 0:02 | Build | House |
| 0:09 | Create | Villager (Male) |
| 0:23 | Create | Villager (Male) |
| 1:29 | Create | Villager (Male) |
| 1:58 | Create | Villager (Male) |
| 2:01 | Build | Lumber Camp |
| 2:13 | Create | Villager (Male) |
| 2:49 | Create | Villager (Male) |
| 3:12 | Create | Villager (Male) |
| 3:33 | Create | Villager (Male) |
| 3:40 | Create | Villager (Male) |
| 3:51 | Build | House |
| 4:32 | Create | Villager (Male) |
| 4:45 | Build | Mining Camp |
| 4:55 | Create | Villager (Male) |
| 5:11 | Research | Loom |
| 5:30 | Build | House |
| 5:54 | Create | Villager (Male) |
| 6:02 | Build | Palisade Wall |
| 6:04 | Build | Palisade Wall |
| 6:19 | Research | Feudal Age |
| 7:09 | Create | Villager (Male) |
| 7:23 | Build | House |
| 7:24 | Build | Palisade Wall |
| 7:56 | Build | Barracks |
| 8:03 | Build | Palisade Wall |
| 8:06 | Build | Palisade Wall |
| 8:29 | Age | Feudal Age |
| 8:44 | Create | Villager (Male) |
| 8:53 | Build | Archery Range |
| 9:06 | Build | Palisade Gate |
| 9:17 | Build | Palisade Wall |
| 9:19 | Build | Palisade Wall |
| 9:21 | Create | Villager (Male) |
| 9:27 | Research | Double-Bit Axe |
| 9:40 | Create | Archer |
| 9:43 | Create | Villager (Male) |
| 9:50 | Build | House |
| 9:52 | Build | House |
| 9:53 | Build | House |
| 9:57 | Create | Villager (Male) |
| 10:00 | Create | Archer |
| 10:07 | Build | Palisade Wall |
| 10:12 | Build | Palisade Wall |
| 10:13 | Build | Palisade Wall |
| 10:22 | Build | Mill |
| 10:23 | Create | Villager (Male) |
| 10:27 | Create | Archer |
| 10:36 | Build | Palisade Wall |
| 10:38 | Build | Palisade Wall |
| 10:40 | Build | Palisade Wall |
| 10:43 | Create | Villager (Male) |
| 10:51 | Create | Archer |
| 10:56 | Build | Palisade Wall |
| 10:58 | Build | Palisade Wall |
| 11:00 | Build | Palisade Wall |
| 11:08 | Create | Villager (Male) |
| 11:11 | Build | Farm |
| 11:27 | Create | Villager (Male) |
| 11:31 | Build | Farm |
| 11:39 | Create | Archer |
| 11:45 | Build | Farm |
| 11:53 | Build | Farm |
| 12:01 | Create | Archer |
| 12:05 | Build | Farm |
| 12:05 | Create | Villager (Male) |
| 12:23 | Build | Farm |
| 12:24 | Create | Villager (Male) |
| 12:31 | Build | House |
| 12:33 | Build | House |
| 12:34 | Build | Palisade Wall |
| 12:44 | Create | Villager (Male) |
| 13:05 | Create | Archer |
| 13:09 | Create | Villager (Male) |
| 13:20 | Build | Stable |
| 13:35 | Create | Villager (Male) |
| 13:36 | Create | Archer |
| 13:47 | Build | Farm |
| 14:07 | Create | Scout Cavalry |
| 14:14 | Create | Villager (Male) |
| 14:15 | Create | Archer |
| 14:18 | Build | Farm |
| 14:34 | Create | Archer |
| 14:35 | Create | Scout Cavalry |
| 14:46 | Create | Scout Cavalry |
| 14:46 | Create | Villager (Male) |
| 14:57 | Create | Villager (Male) |
| 15:01 | Create | Scout Cavalry |
| 15:10 | Create | Villager (Male) |
| 15:11 | Build | Farm |
| 15:13 | Build | Farm |
| 15:14 | Build | Farm |
| 15:15 | Build | Farm |
| 15:27 | Build | House |
| 15:29 | Build | Palisade Wall |
| 15:39 | Build | Farm |
| 15:40 | Create | Villager (Male) |
| 15:50 | Research | Wheelbarrow |
| 16:09 | Build | House |
| 16:11 | Build | Watch Tower |
| 16:26 | Create | Scout Cavalry |
| 16:50 | Build | Blacksmith |
| 17:21 | Create | Villager (Male) |
| 17:23 | Create | Archer |
| 17:42 | Research | Forging |
| 17:43 | Create | Villager (Male) |
| 17:47 | Build | House |
| 18:00 | Build | Lumber Camp |
| 18:02 | Build | Farm |
| 18:07 | Create | Villager (Male) |
| 18:24 | Create | Villager (Male) |
| 18:30 | Research | Fletching |
| 18:35 | Build | Farm |
| 18:36 | Build | Farm |
| 18:39 | Build | Farm |
| 18:43 | Create | Villager (Male) |
| 19:13 | Create | Villager (Male) |
| 19:17 | Build | Stable |
| 19:38 | Create | Villager (Male) |
| 19:53 | Research | Castle Age |
| 20:05 | Research | Horse Collar |
| 20:07 | Build | Farm |
| 20:08 | Build | Farm |
| 20:09 | Build | Farm |
| 20:12 | Create | Scout Cavalry |
| 20:30 | Create | Scout Cavalry |
| 20:56 | Create | Scout Cavalry |
| 21:07 | Create | Scout Cavalry |
| 21:35 | Create | Scout Cavalry |
| 21:35 | Create | Villager (Male) |
| 21:40 | Research | Scale Barding Armor |
| 21:54 | Build | Farm |
| 21:55 | Build | Farm |
| 21:56 | Build | Farm |
| 22:15 | Create | Scout Cavalry |
| 22:15 | Create | Villager (Male) |
| 22:33 | Age | Castle Age |
| 22:36 | Create | Knight |
| 22:36 | Create | Knight |
| 22:37 | Create | Villager (Male) |
| 22:44 | Research | Bow Saw |
| 22:44 | Create | Villager (Male) |
| 23:01 | Create | Knight |
| 23:01 | Create | Knight |
| 23:07 | Build | Market |
| 23:08 | Create | Villager (Male) |
| 23:18 | Research | Chain Barding Armor |
Match timeline
| 6:02 | Mununez · wall_segment Palisade Wall x6 |
| 6:04 | Mununez · wall_segment Palisade Wall x1 |
| 6:21 | Chavah · first_building Barracks |
| 6:41 | Chavah · wall_segment Palisade Wall x1 |
| 6:42 | Chavah · wall_segment Palisade Wall x1 |
| 7:24 | Mununez · wall_segment Palisade Wall x4 |
| 7:56 | Mununez · first_building Barracks |
| 8:03 | Mununez · wall_segment Palisade Wall x4 |
| 8:06 | Mununez · wall_segment Palisade Wall x1 |
| 8:29 | Mununez · age_up feudal |
| 8:53 | Mununez · first_building Archery Range |
| 9:17 | Mununez · wall_segment Palisade Wall x2 |
| 9:18 | Chavah · age_up feudal |
| 9:19 | Mununez · wall_segment Palisade Wall x1 |
| 9:40 | Chavah · first_building Archery Range |
| 10:07 | Mununez · wall_segment Palisade Wall x1 |
| 10:12 | Mununez · wall_segment Palisade Wall x1 |
| 10:13 | Mununez · wall_segment Palisade Wall x1 |
| 10:36 | Mununez · wall_segment Palisade Wall x1 |
| 10:38 | Mununez · wall_segment Palisade Wall x1 |
| 10:40 | Mununez · wall_segment Palisade Wall x1 |
| 10:56 | Mununez · wall_segment Palisade Wall x1 |
| 10:58 | Mununez · wall_segment Palisade Wall x1 |
| 11:00 | Mununez · wall_segment Palisade Wall x1 |
| 12:34 | Mununez · wall_segment Palisade Wall x2 |
| 13:20 | Mununez · first_building Stable |
| 15:29 | Mununez · wall_segment Palisade Wall x2 |
| 15:50 | Chavah · wall_segment Palisade Wall x3 |
| 15:51 | Chavah · wall_segment Palisade Wall x2 |
| 22:33 | Mununez · age_up castle |
| 23:16 | Chavah · age_up castle |
| 23:51 | Chavah · wall_segment Palisade Wall x1 |
| 25:22 | Chavah · wall_segment Palisade Wall x1 |
| 25:23 | Chavah · wall_segment Palisade Wall x1 |
| 25:25 | Chavah · wall_segment Palisade Wall x1 |
| 25:26 | Chavah · wall_segment Palisade Wall x1 |
| 25:27 | Chavah · wall_segment Palisade Wall x1 |
| 25:29 | Chavah · wall_segment Palisade Wall x1 |
| 25:33 | Chavah · wall_segment Palisade Wall x1 |
| 25:34 | Chavah · wall_segment Palisade Wall x1 |
| 26:14 | Chavah · wall_segment Palisade Wall x1 |
| 26:15 | Chavah · wall_segment Palisade Wall x1 |
| 26:17 | Chavah · wall_segment Palisade Wall x1 |
| 26:18 | Chavah · wall_segment Palisade Wall x1 |
| 26:25 | Chavah · wall_segment Palisade Wall x1 |
| 26:27 | Chavah · wall_segment Palisade Wall x1 |
| 26:39 | Chavah · wall_segment Palisade Wall x1 |
| 26:50 | Chavah · wall_segment Palisade Wall x1 |
| 26:59 | Chavah · wall_segment Palisade Wall x1 |
| 27:49 | Chavah · first_building Monastery |
| 28:01 | Chavah · first_building Stable |
| 28:45 | Chavah · first_building Siege Workshop |
| 31:48 | Chavah · resign |
[ AI ANALYSIS · 1 CREDIT ]
What really happened in this match?
Wolo.gg analyzes every decision: build order, eco, micro, common mistakes by bracket. Personalized analysis on WhatsApp or Discord in 30 seconds.
Civ guide
Japanese
Perfil
Kiko (Chavah)